 Dungeon Crawl Stone Soup version 0.30-a0-946-gec5dcfc036 (webtiles) character file.

Game seed: 518916385472865344

445 HoaS the Shooter (level 7, -2/50 HPs)
             Began as a Formicid Hunter on Mar 26, 2023.
             Was a Believer of Zin.
             Slain by a gnoll
             ... wielding a +0 halberd
              (12 damage)
             ... on level 4 of the Dungeon.
             The game lasted 00:06:29 (2914 turns).

HoaS the Shooter (Formicid Hunter)                  Turns: 2914, Time: 00:06:30

Health: -2/50      AC:  6    Str: 15    XL:     7   Next: 23%
Magic:  9/9        EV: 12    Int:  9    God:    Zin [**....]
Gold:   198        SH:  0    Dex: 19    Spells: 6/6 levels left

rFire   . . .      SeeInvis +    a - +0 shortbow
rCold   . . .      Faith    .    (no shield)
rNeg    . . .      Spirit   .    c - +0 leather armour
rPois   +          Reflect  .    (helmet unavailable)
rElec   .          Rampage  .    f - +2 cloak {rPois}
rCorr   .                        (no gloves)
Will    .....                    (no boots)
Stlth   ++                       e - amulet of the acrobat
HPRegen 0.28/turn                (no ring)
MPRegen 0.11/turn                (no ring)

@: no status effects
A: permanent stasis, dig shafts and tunnels, antennae 3, four strong arms
a: Dig, Shaft Self, Renounce Religion, Recite, Vitalisation, Donate Gold


You were on level 4 of the Dungeon.
You worshipped Zin.
Zin was pleased with you.
You visited 1 branch of the dungeon, and saw 4 of its levels.

You collected 220 gold pieces.
You donated 22 gold pieces to Zin.

Inventory:

Hand Weapons
 a - a +0 shortbow (weapon)
Armour
 c - a +0 leather armour (worn)
 f - a +2 cloak of poison resistance (worn)
Jewellery
 e - an amulet of the acrobat (around neck)
Scrolls
 b - a scroll of immolation
Potions
 d - a potion of attraction {unknown}
 g - a potion of curing {unknown}
 h - a potion of mutation {unknown}
 i - a potion of might {unknown}
 j - a potion of ambrosia {unknown}
 k - a potion of heal wounds


   Skills:
 - Level 2.1 Fighting
 * Level 7.3 Ranged Weapons
 - Level 1.7 Dodging
 - Level 1.2 Stealth
 + Level 3.9 Invocations


You had 6 spell levels left.
You didn't know any spells.
Your spell library contained the following spells:

 Spells                   Type           Power      Damage    Failure   Level
 Animate Armour           Summ/Erth      0%         N/A       99%         4
 Blade Hands              Tmut           0%         N/A       100%        5
 Iron Shot                Conj/Erth      0%         9d1       100%        6


Dungeon Overview and Level Annotations

Branches:
Dungeon (4/15)
 Temple: D:4-7

Altars:
Dithmenos
Ru
Zin
The Shining One

Shops:
D:2 (


Innate Abilities, Weirdness & Mutations

You cannot be hasted, slowed, berserked, paralysed or teleported.
You can dig through walls and to a lower floor.
You have a pair of large antennae on your head. (SInv)
Your four strong arms can wield two-handed weapons with a shield.


Message History

You shoot an arrow. The arrow hits the ufetubus.
The ufetubus is almost dead.
The ufetubus closely misses you. The ufetubus barely misses you.
The gnoll hits you from afar with a +0 spear.
A gnoll comes into view. It is wielding a +0 halberd.
The ufetubus hits you but does no damage.
The ufetubus hits you.
You shoot an arrow. The arrow hits the ufetubus!
You kill the ufetubus!
The gnoll hits you but does no damage.
The gnoll drinks a potion.
The gnoll suddenly seems more resistant.
The gnoll hits you but does no damage.
There is an open door, spattered with blood here.
You see here a scorpion corpse.
You shoot an arrow.
The arrow hits the gnoll but does no damage.
The gnoll completely misses you. The gnoll misses you.
The gnoll closely misses you. The gnoll hits you but does no damage.
You shoot an arrow. The arrow closely misses the gnoll.
The gnoll hits you with a +0 halberd!
* * * LOW HITPOINT WARNING * * *
The gnoll hits you but does no damage.
You shoot an arrow. The arrow closely misses the gnoll.
The gnoll hits you with a +0 halberd.
* * * LOW HITPOINT WARNING * * *
The gnoll closely misses you.
You shoot an arrow. The arrow hits the gnoll!
The gnoll is severely wounded.
The gnoll barely misses you. The gnoll closely misses you.
You shoot an arrow. The arrow barely misses the gnoll.
The gnoll hits you but does no damage. The gnoll barely misses you.
You shoot an arrow. The arrow hits the gnoll!
You kill the gnoll!
The gnoll barely misses you.
Are you sure you want to shaft yourself?
The gnoll barely misses you. The gnoll hits you with a +0 flail.
* * * LOW HITPOINT WARNING * * *
You begin to dig a shaft.
You continue digging a shaft.
The gnoll hits you with a +0 halberd!
You die...

..##..#.#.##.....###....
........#..))...........
......########'#.#####..
......# ##..### ......#
#....# ##.##.# +....####
......# ##..##..##
##.#### ###†)...# #.#
##@g..# #.# ##g.## #.# {
{##'# #.# #..# ##.#
....# ...# ....# ####
+#..## #### { ####
...###{


You could see 2 gnolls.

Vanquished Creatures
  2 scorpions (D:4)
  2 vampire bats (D:3)
  A crimson imp (D:3)
  Crazy Yiuf (D:2)
  Natasha (twice) (D:3)
  Terence (D:3)
  A gnoll (D:4)
  3 adders
  An ufetubus (D:4)
  A worm (D:2)
  A dart slug (D:3)
  3 ball pythons
  15 bats
  6 endoplasms
  2 giant cockroaches
  3 goblins
  7 hobgoblins
  4 kobolds
  4 quokkas
  2 frilled lizards (D:1)
  2 goblin skeletons (D:3)
  A goblin zombie (D:3)
  3 hobgoblin zombies (D:3)
  A kobold zombie (D:3)
  An orc skeleton (D:3)
  4 orc zombies (D:3)
  5 rats
79 creatures vanquished.

Vanquished Creatures (others)
  A goblin (D:2)
  A fungus (D:3)
  2 plants (D:3)
4 creatures vanquished.

Grand Total: 83 creatures vanquished

Notes
Turn   | Place    | Note
-------+----------+-------------------------------------------
     0 | D:1      | HoaS the Formicid Hunter began the quest for the Orb.
     0 | D:1      | Reached XP level 1. HP: 16/16 MP: 1/1
   161 | D:1      | Reached XP level 2. HP: 13/22 MP: 2/2
   642 | D:1      | Reached XP level 3. HP: 27/27 MP: 3/3
   873 | D:2      | Found a shadowy altar of Dithmenos.
   881 | D:2      | Reached skill level 5 in Ranged Weapons
  1053 | D:2      | Identified the +9 hammer "Sikeatov" {elec, rPois Stlth+}
  1058 | D:2      | Found a runed translucent door.
  1059 | D:2      | Noticed Crazy Yiuf
  1179 | D:2      | Found Fon Zeka's Antique Weapon Shop.
  1701 | D:3      | Reached XP level 4. HP: 33/33 MP: 4/4
  1728 | D:3      | Found a glowing silver altar of Zin.
  1728 | D:3      | Noticed an angel
  1764 | D:3      | Became a worshipper of Zin the Law-Giver
  1764 | D:3      | Reached * piety under Zin
  2053 | D:3      | Reached skill level 1 in Invocations
  2053 | D:3      | Reached XP level 5. HP: 37/38 MP: 4/6
  2056 | D:3      | Reached skill level 6 in Ranged Weapons
  2231 | D:3      | Noticed Natasha
  2233 | D:3      | Killed Natasha
  2253 | D:3      | Reached ** piety under Zin
  2261 | D:3      | Found a glowing golden altar of the Shining One.
  2267 | D:3      | Noticed Terence
  2298 | D:3      | Killed Terence
  2299 | D:3      | Reached XP level 6. HP: 30/44 MP: 7/7
  2412 | D:3      | Noticed Natasha
  2420 | D:3      | Killed Natasha
  2510 | D:3      | Found a sacrificial altar of Ru.
  2651 | D:2      | Killed Crazy Yiuf
  2866 | D:4      | Reached skill level 7 in Ranged Weapons
  2866 | D:4      | Reached XP level 7. HP: 41/50 MP: 9/9
  2914 | D:4      | Slain by a gnoll

Illustrated notes

Levels and vault maps discovered:
D:1:      nzn_arrival_crosshair, layout_loops_corners, minmay_tripent
D:2:      layout_basic, serial_shops, shop_coins, basic_altar,
          uniq_crazy_yiuf_cottage
D:3:      layout_basic, nicolae_ru_the_path_less_chosen,
          nicolae_tso_besieged_by_evil, zin_angel, chequers_mini_garden,
          minmay_misc_feat_enclosed, roderic_batcave, uniq_ijyb, uniq_natasha,
          uniq_terence
D:4:      minmay_bubble_buster, layout_basic, kennysheep_vampire_church,
          nicolae_overflow_crystal_walls, serial_shops, kennysheep_mini,
          uniq_pikel

Skill      XL: |  1  2  3  4  5  6 |
---------------+-------------------+-----
Ranged Weapons | 5 6 7 |  7.3
Invocations    | 1 2 3 |  3.9
Fighting       | |  2.1
Dodging        | |  1.7
Stealth        | |  1.2

Action                     |  1- 3 |  4- 6 |  7- 9 || total
---------------------------+-------+-------+-------++-------
   Fire: Shortbow          |    87 |   144 |    27 ||   258
Ability: Shaft Self        |       |       |     1 ||     1
    Use: Scroll            |     5 |     3 |       ||     8
         Potion            |       |     2 |       ||     2
 Armour: Leather armour    |    11 |    31 |    11 ||    53
  Dodge: Dodged            |    21 |    58 |    23 ||   102

Table legend: (Time is in decaauts)
 A = Elapsed time spent in this place.
 B = Non-inter-level travel time spent in this place.
 C = Inter-level travel time spent in this place.
 D = Time resting spent in this place.
 E = Time spent auto-exploring this place.
 F = Levels seen in this place.
 G = Mean time per level.
                   A        B        C        D        E       F      G
               +--------+--------+--------+--------+--------+-----+--------+
         Total |   2978 |   2826 |    152 |    190 |   2122 |   4 |  744.5 |
       Dungeon |   2978 |   2826 |    152 |    190 |   2122 |   4 |  744.5 |
               +--------+--------+--------+--------+--------+-----+--------+

Top non-repeatable levels by time:
     D:2: 1007 daAuts
     D:3: 906 daAuts
     D:1: 888 daAuts
     D:4: 175 daAuts
